 Dungeon Crawl Stone Soup version 0.30.0-5-g1a98f26d00 (webtiles) character file.

Game seed: 6821004895633891823

980 McKennaii the Conjurer (level 7, -3/50 HPs)
             Began as a Demigod Conjurer on May 8, 2023.
             Slain by a gnoll sergeant
             ... wielding a +0 spear
              (5 damage)
             ... on level 5 of the Dungeon.
             The game lasted 00:04:47 (5868 turns).

McKennaii the Conjurer (Demigod Conjurer)           Turns: 5868, Time: 00:04:47

Health: -3/50      AC:  3    Str:  8    XL:     7   Next: 64%
Magic:  14/19      EV: 12    Int: 28    God:
Gold:   297        SH:  0    Dex: 12    Spells: 10/17 levels left

rFire   + . .        g - staff of fire
rCold   . . .        (no shield)
rNeg    . . .        a - +0 robe
rPois   .            (no helmet)
rElec   .            y - scarf {+Inv}
rCorr   .            v - +0 pair of gloves
SInv    .            (no boots)
Will    .....        (no amulet)
Stlth   ++           (no ring)
HPRegen 0.28/turn    (no ring)
MPRegen 0.16/turn

%: no passive effects
@: no status effects
A: high MP 1, forlorn, divine attributes
a: Evoke Invisibility


You were on level 5 of the Dungeon.
You visited 1 branch of the dungeon, and saw 5 of its levels.

You collected 297 gold pieces.

Inventory:

Armour
 a - a +0 robe (worn)
 o - a +1 leather armour of poison resistance
 v - a +0 pair of gloves (worn)
 y - a scarf of invisibility (worn)
Magical Staves
 g - a staff of fire (weapon)
Jewellery
 C - an amulet of the acrobat
Wands
 z - a wand of mindburst (17)
Scrolls
 c - 6 scrolls of teleportation {unknown}
 d - 2 scrolls of magic mapping {unknown}
 e - 4 scrolls of identify {unknown}
 h - a scroll of fear {unknown}
 k - 2 scrolls of poison {unknown}
 q - 6 scrolls of enchant armour {unknown}
 r - a scroll of vulnerability {unknown}
 s - 2 scrolls of noise {unknown}
 u - a scroll of torment {unknown}
 w - a scroll of silence {unknown}
 A - a scroll of fog {unknown}
 B - 3 scrolls of immolation {unknown}
Potions
 b - 2 potions of magic
 f - a potion of cancellation {unknown}
 i - 4 potions of heal wounds {unknown}
 j - a potion of mutation {unknown}
 l - a potion of lignification {unknown}
 m - 4 potions of attraction {unknown}
 n - a potion of invisibility {unknown}
 p - a potion of might {unknown}
 t - a potion of flight {unknown}
 x - a potion of curing {unknown}


   Skills:
 - Level 1.7 Dodging
 - Level 1.7 Stealth
 + Level 5.6 Spellcasting
 + Level 7.0 Conjurations


You had 10 spell levels left.
You knew the following spells:

 Your Spells              Type           Power      Damage    Failure   Level
a - Magic Dart            Conj           100%       1d8       1%          1
b - Searing Ray           Conj           94%        2d7       1%          2
c - Iskenderun's Mystic   Conj/Tloc      27%        2d7       14%         4

Your spell library contained the following spells:

 Spells                   Type           Power      Damage    Failure   Level
 Momentum Strike          Conj/Tloc      54%        3d9       2%          2
 Dazzling Flash           Conj/Hex       54%        N/A       4%          3
 Necrotise                Necr           28%        1d5       6%          1
 Slow                     Hex            28%        N/A       6%          1
 Blink                    Tloc           14%        N/A       10%         2
 Ensorcelled Hibernation  Hex/Ice        14%        N/A       10%         2
 Lesser Beckoning         Tloc           14%        N/A       10%         2
 Fulminant Prism          Conj/Hex       13%        3d8       14%         4
 Confusing Touch          Hex            7%         N/A       19%         3
 Spider Form              Tmut/Pois      7%         N/A       19%         3
 Vampiric Draining        Necr           7%         2d6       19%         3
 Anguish                  Hex/Necr       3%         N/A       52%         4
 Agony                    Necr           7%         N/A       86%         5


Dungeon Overview and Level Annotations

Branches:
Dungeon (5/15)             Temple (0/1) D:4


Innate Abilities, Weirdness & Mutations

You have an increased reservoir of magic. (+10% MP)
You shall have no god before yourself.
Your divine heritage dramatically boosts your attributes as you level up.


Message History

You now have 273 gold pieces (gained 8).
B - 3 scrolls labelled JETEHIBRIC (gained 1)
Found a stone staircase leading down.
You can't see any susceptible monsters within range! (Use Z to cast anyway.)
Found 3 stones.
You can't see any susceptible monsters within range! (Use Z to cast anyway.)
You now have 282 gold pieces (gained 9).
You now have 297 gold pieces (gained 15).
An orc wizard, an adder and a gnoll sergeant come into view.
The orc wizard shouts!
The gnoll sergeant hits you from afar with a +0 spear!
The orc wizard moves out of view.
The magic dart hits the gnoll sergeant.
The gnoll sergeant is lightly wounded.
The gnoll sergeant hits you from afar with a +0 spear!
There are monsters nearby!
The magic dart hits the gnoll sergeant but does no damage.
The gnoll sergeant is lightly wounded.
The adder hisses angrily.
The gnoll sergeant hits you from afar with a +0 spear!
Casting: Magic Dart (safe; 1% risk of failure)
Confirm with . or Enter, or press ? or * to list all spells.
Aiming: Searing Ray (safe; 1% risk of failure)
Press: ? - help, Shift-Dir - straight line, f/p - gnoll sergeant
Aim: a gnoll sergeant, wielding a +0 spear, wearing a +0 ring mail and wearing a +0 buckler (87% to hit)
The searing ray hits the gnoll sergeant!
The gnoll sergeant is heavily wounded. (Press . to maintain the ray.)
The gnoll sergeant hits you from afar with a +0 spear!
* * * LOW HITPOINT WARNING * * *
The searing ray hits the gnoll sergeant!
The gnoll sergeant is severely wounded.
The gnoll sergeant hits you from afar with a +0 spear!
* * * LOW HITPOINT WARNING * * *
Unknown command.
The searing ray hits the gnoll sergeant.
The gnoll sergeant is almost dead.
You hear a shout!
The gnoll sergeant hits you from afar with a +0 spear.
You die...

#...~#.....#..
#~...#.####### #.
#...##.... #.
##....#.... ###~
###......#... ..S####..
###.#.......#..
#.....g###..........>.#
#S#...............#
#.@............###.
###.##.........# #
####......#### #.....##
##.#### ###


You could see a gnoll sergeant and an adder.

Vanquished Creatures
  A black bear (D:5)
  2 ogres
  2 scorpions (D:5)
  2 hounds
  A jelly (D:4)
  An orc priest (D:4)
  3 iron imps (D:3)
  3 iguanas
  An orc wizard (D:4)
  4 gnolls (D:5)
  3 adders
  8 river rats (D:5)
  A white imp (D:5)
  4 worms
  3 dart slugs
  12 orcs
  8 endoplasms
  7 giant cockroaches
  3 goblins (D:2)
  9 hobgoblins
  5 jackals (D:4)
  12 quokkas
  12 ball pythons
  5 bats
  5 frilled lizards
  6 kobolds
  26 rats
149 creatures vanquished.

Notes
Turn   | Place    | Note
-------+----------+-------------------------------------------
     0 | D:1      | McKennaii the Demigod Conjurer began the quest for the Orb.
     0 | D:1      | Reached XP level 1. HP: 14/14 MP: 5/5
   487 | D:1      | Reached XP level 2. HP: 20/20 MP: 3/7
   579 | D:1      | Reached skill level 4 in Conjurations
  1077 | D:2      | Reached XP level 3. HP: 26/26 MP: 2/9
  1954 | D:2      | Learned a level 2 spell: Searing Ray
  2051 | D:3      | Reached XP level 4. HP: 33/33 MP: 6/11
  2109 | D:3      | Learned a level 4 spell: Iskenderun's Mystic Blast
  2887 | D:3      | Reached XP level 5. HP: 38/38 MP: 1/13
  3074 | D:3      | Reached skill level 5 in Conjurations
  3641 | D:4      | Noticed an ogre
  3645 | D:4      | Killed an ogre
  3747 | D:4      | Reached XP level 6. HP: 45/45 MP: 9/15
  4275 | D:4      | Found a staircase to the Ecumenical Temple.
  4349 | D:5      | Entered Level 5 of the Dungeon
  4568 | D:5      | Reached skill level 6 in Conjurations
  4717 | D:5      | Reached XP level 7. HP: 50/50 MP: 11/17
  4906 | D:5      | Reached skill level 5 in Spellcasting
  5505 | D:5      | Reached skill level 7 in Conjurations
  5734 | D:5      | Identified the +0 trident "Veyc" {spect, Will+ Str+2}
  5867 | D:5      | HP: 1/50 [gnoll sergeant/+0 spear (10)]
  5868 | D:5      | Slain by a gnoll sergeant

Illustrated notes

Levels and vault maps discovered:
D:1:      dpeg_cavernosity, layout_rooms
D:2:      cheibrodos_helix_gallery, layout_rooms
D:3:      layout_basic, mainiacjoe_overflow_catwalk, lemuel_tele_altar,
          demons_altar
D:4:      layout_basic, minmay_temple_entry_proselytizer,
          minmay_fractal_squares_gapless_5
D:5:      lemuel_ratsnest, layout_cave_pools, elyvilon_altar_1,
          dreamdust_wishing_well, chequers_serial_rivers_micro_e,
          hangedman_abyss_or_decor_jellyfish_corner, nzn_random_ring,
          uniq_crazy_yiuf_cottage

Skill      XL: |  1  2  3  4  5  6  7 |
---------------+----------------------+-----
Spellcasting   | 2 3 4 5 |  5.6
Conjurations   | 4 5 6 7 |  7.0
Dodging        | |  1.7
Stealth        | |  1.7

Action                     |  1- 3 |  4- 6 |  7- 9 || total
---------------------------+-------+-------+-------++-------
  Melee: Staff             |    35 |    26 |     5 ||    66
   Cast: Magic Dart        |   108 |   174 |    67 ||   349
         Searing Ray       |       |     6 |     8 ||    14
 Armour: Robe              |    10 |    10 |     1 ||    21
  Dodge: Dodged            |    37 |    40 |    13 ||    90
